 Dungeon Crawl Stone Soup version 0.23.2-40-g277498a001 (webtiles) character file.

Game seed: 502824779426954106

25 Blues the Conjurer (level 2, -17/20 HPs)
             Began as a Demigod Conjurer on Sept 25, 2019.
             Killed from afar by a kobold (29 damage)
             ... with an exploding inner flame
             ... hexed by the player character
             ... on level 2 of the Dungeon.
             The game lasted 00:05:24 (483 turns).

Blues the Conjurer (Demigod Conjurer)                Turns: 483, Time: 00:05:24

Health: -17/20     AC:  2    Str: 11    XL:     2   Next: 63%
Magic:  7/7        EV: 12    Int: 19    God:
Gold:   52         SH:  0    Dex: 16    Spells: 3/4 levels left

rFire    . . .     SeeInvis .   e - +0 hand axe
rCold    . . .     Gourm    .   (no shield)
rNeg     . . .     Faith    .   j - +0 robe (curse)
rPois    .         Spirit   .   (no helmet)
rElec    .         Reflect  .   (no cloak)
rCorr    .         Harm     .   (no gloves)
MR       .....                  (no boots)
Stlth    ++........             (no amulet)
HPRegen  0.06/turn              (no ring)
MPRegen  0.10/turn              (no ring)

@: no status effects
A: high mp 1
a: no special abilities


You were on level 2 of the Dungeon.
You were not hungry.

You visited 1 branch of the dungeon, and saw 2 of its levels.

You collected 52 gold pieces.

Inventory:

Hand Weapons
 e - a +0 hand axe (weapon)
Armour
 j - a cursed +0 robe (worn)
Scrolls
 d - a scroll of blinking {unknown}
 g - a scroll of remove curse {unknown}
 h - 4 scrolls of identify {unknown}
 i - a scroll of random uselessness {unknown}
Potions
 f - a potion of degeneration {unknown}
Comestibles
 c - a ration


   Skills:
 + Level 0.3 Axes
 + Level 1.8 Dodging
 + Level 2.0 Stealth
 + Level 1.9 Spellcasting
 + Level 4.1 Conjurations


You had 3 spell levels left.
You knew the following spells:

 Your Spells              Type           Power        Failure   Level  Hunger
a - Magic Dart            Conj           ###.         3%          1    #......

Your spell library contained the following spells:

 Spells                   Type           Power        Failure   Level  Hunger
 Searing Ray              Conj           ###...       4%          2    ###....
 Dazzling Spray           Conj/Hex       #.....       22%         3    ###....
 Iskenderun's Mystic Bla  Conj           ###.....     30%         4    #####..
 Force Lance              Conj/Tloc      #.......     58%         4    #####..
 Fulminant Prism          Conj/Hex       #.........   58%         4    #####..


Dungeon Overview and Level Annotations

Branches:
Dungeon (2/15)


Innate Abilities, Weirdness & Mutations

You have an increased reservoir of magic. (+10% MP)


Message History

You drop a +0 robe.
A kobold comes into view.
Found 10 stones.
As you read the scroll labeled IKAD URIRU, it crumbles to dust.
The creatures around you are filled with an inner flame!
It was a scroll of immolation.
The kobold throws a stone.
The stone hits you but does no damage.
You hit the kobold but do no damage. The kobold hits you but does no damage.
The kobold barely misses you.
You completely miss the kobold. The kobold barely misses you.
You barely miss the kobold. The kobold barely misses you.
You hit the kobold but do no damage. The kobold barely misses you.
You hit the kobold but do no damage. The kobold hits you.
The kobold closely misses you.
You closely miss the kobold. The kobold hits you.
You slash the kobold!
The kobold explodes!
The fiery explosion engulfs you!!
Ouch! That really hurt!
You die...

#.# #.# ##.# ###.#
.... (..# .#.# #..#
.#.# #..# # .#.#
######..#####§# .#.#
#..........@§§#
.#.###[####..#######
......†......#
.#.###.####.## .#.#
#.# #.# .#.. ..# #.#
........ ..#
######## ###


There were no monsters in sight!

Vanquished Creatures
  An adder (D:2)
  A dart slug (D:1)
  3 bats (D:1)
  2 giant cockroaches (D:1)
  2 hobgoblins (D:2)
  2 kobolds
  2 rats (D:1)
13 creatures vanquished.

Notes
Turn   | Place    | Note
-------+----------+-------------------------------------------
     0 | D:1      | Blues the Demigod Conjurer began the quest for the Orb.
     0 | D:1      | Reached XP level 1. HP: 14/14 MP: 5/5
   143 | D:1      | Reached skill level 4 in Conjurations
   244 | D:1      | Reached XP level 2. HP: 16/20 MP: 7/7
   483 | D:2      | Killed from afar by a kobold

Skill      XL: |  1  2 |
---------------+-------+-----
Conjurations   | 4 |  4.1
Stealth        | 2 |  2.0
Axes           | |  0.3
Dodging        | |  1.8
Spellcasting   | |  1.9

Action                   || total
-------------------------++-------
Melee: Hand axe          ||    22
 Cast: Magic Dart        ||    17
  Use: Scroll            ||     1
 Stab: Sleeping          ||     1
Armor: Robe              ||     4
Dodge: Dodged            ||    14
